 Dungeon Crawl Stone Soup version 0.27.0-1-g7a089689b8 (webtiles) character file.

Game seed: 18133622720448269343

1811 Spaninq the Skirmisher (level 9, -7/49 HPs)
             Began as a Gargoyle Transmuter on Aug 6, 2021.
             Was an Elder of Hepliaklqana.
             Mangled by a two-headed ogre (22 damage)
             ... on level 7 of the Dungeon.
             The game lasted 00:18:19 (7142 turns).

Spaninq the Skirmisher (Gargoyle Transmuter)        Turns: 7142, Time: 00:18:19

Health: -7/49      AC: 11    Str: 15    XL:     9   Next: 10%
Magic:  0/14       EV: 12    Int: 18    God:    Hepliaklqana [****..]
Gold:   154        SH:  0    Dex: 10    Spells: 11/14 levels left

rFire    x . .     SeeInvis .   s - +11 morningstar of the Orange Skies {vamp, rElec Int+2}
rCold    . . .     Faith    .   (no shield)
rNeg     + . .     Spirit   +   q - +3 leather armour
rPois    ∞         Reflect  .   o - +1 helmet of Muttered Phrases {*Corrode rPois rF- Slay+6}
rElec    +         Harm     .   (no cloak)
rCorr    .         Rampage  .   (no gloves)
Will     .....                  (no boots)
Stlth    +.........             v - amulet of guardian spirit
HPRegen  0.16/turn              (no ring)
MPRegen  0.14/turn              (no ring)

@: corroded
A: reduced essence, sickness immunity, AC +6, negative energy resistance 1,
electricity resistance, torment resistance 1, petrification resistance
a: Renounce Religion, Recall Ancestor, Ancestor Identity, Transference, Idealise


You were on level 7 of the Dungeon.
You worshipped Hepliaklqana.
Hepliaklqana was greatly pleased with you.
You visited 1 branch of the dungeon, and saw 7 of its levels.

You collected 415 gold pieces.
You spent 261 gold pieces at shops.

Inventory:

Hand Weapons
 s - the +11 morningstar of the Orange Skies (weapon) {vamp, rElec Int+2}
   (You bought it in a shop on level 5 of the Dungeon)

   It occasionally heals its wielder for a portion of the damage dealt when it
   wounds a living foe.
   Int:       It affects your intelligence (+2).
   rElec:     It insulates you from electricity.
Armour
 h - a +2 robe of fire resistance
 o - the +1 helmet of Muttered Phrases (worn) {*Corrode rPois rF- Slay+6}
   (You found it on level 5 of the Dungeon)

   Slay:      It affects your accuracy & damage with ranged weapons and melee
   (+6).
   rF:        It makes you vulnerable to fire.
   rPois:     It protects you from poison.
   *Corrode:  It may corrode you when you take damage.
 q - a +3 leather armour (worn)
 x - a +0 chain mail
Jewellery
 v - an amulet of guardian spirit (around neck)
 A - a ring of fire
Wands
 p - a wand of paralysis (9)
 z - a wand of flame (37)
Scrolls
 b - 12 scrolls of identify {unknown}
 d - 3 scrolls of teleportation {unknown}
 e - 3 scrolls of enchant weapon {unknown}
 f - a scroll of magic mapping {unknown}
 k - a scroll of blinking {unknown}
 l - 2 scrolls of amnesia {unknown}
 m - a scroll of noise {unknown}
 n - 2 scrolls of vulnerability {unknown}
 t - a scroll of brand weapon {unknown}
 u - a scroll of holy word {unknown}
 w - a scroll of enchant armour {unknown}
 y - 2 scrolls of fog {unknown}
 C - a scroll of summoning {unknown}
Potions
 a - 3 potions of flight {unknown}
 c - 2 potions of invisibility {unknown}
 g - 2 potions of degeneration {unknown}
 i - 2 potions of curing {unknown}
 j - 3 potions of haste {unknown}
 r - a potion of attraction {unknown}
 B - a potion of brilliance {unknown}


   Skills:
 + Level 5.7 Fighting
 * Level 5.5 Maces & Flails
 + Level 4.1 Armour
 - Level 2.9 Dodging
 - Level 5.6 Unarmed Combat
 - Level 3.4 Spellcasting
 - Level 3.2 Transmutations


You had 11 spell levels left.
You knew the following spells:

 Your Spells              Type           Power      Damage    Failure   Level
a - Beastly Appendage     Tmut           28%        N/A       5%          1
b - Wereblood             Tmut           14%        N/A       8%          2

Your spell library contained the following spells:

 Spells                   Type           Power      Damage    Failure   Level
 Spider Form              Tmut/Pois      4%         N/A       30%         3
 Gell's Gravitas          Tloc           1%         N/A       50%         3
 Lesser Beckoning         Tloc           1%         N/A       50%         3
 Teleport Other           Tloc           3%         N/A       50%         3
 Ice Form                 Ice/Tmut       8%         N/A       69%         4


Dungeon Overview and Level Annotations

Branches:
Dungeon (7/15)
 Temple: D:4-7

Altars:
Hepliaklqana

Shops:
D:2 =   D:4 =   D:5 (

Annotations:
D:7 4 runed translucent doors


Innate Abilities, Weirdness & Mutations

Your life essence is reduced to manifest your ancestor. (-10% HP)
You are immune to sickness and miasma.
Your stone body is resilient. (AC +6)
You are immune to poison.
You resist negative energy. (rN+)
You are resistant to electric shocks. (rElec)
You are resistant to unholy torment.
You are immune to petrification.


Message History

You swap places.
There is an open door here.
The seven-headed hydra roars!
Found a club.
There is a stone staircase leading up here.
A white imp comes into view.
The white imp shouts, "Get thee gone, thou loggerheaded tardy-gaited urchin!"
You see here 11 gold pieces.
You now have 154 gold pieces (gained 11).
The white imp gestures at you.
The puff of frost hits you but does no damage.
The white imp completely misses you.
You puncture the white imp! Your punch misses the white imp.
The white imp is almost dead.
The white imp hits you. The white imp freezes you.
You bludgeon the white imp!!
You kill the white imp!
You swap places.
You open the door.
You swap places.
A two-headed ogre comes into view.
It is wielding a +0 giant spiked club and a +0 giant club.
The two-headed ogre shouts in stereo!
You see here a scroll labelled RUHUOZ BUNOI.
C - a scroll labelled RUHUOZ BUNOI You puncture the two-headed ogre!
The two-headed ogre is lightly wounded.
The two-headed ogre hits you with a +0 giant spiked club.
The two-headed ogre barely misses you.
Goliath hits the two-headed ogre but does no damage.
You sock the two-headed ogre!
The two-headed ogre is heavily wounded.
Goliath points at the two-headed ogre and mumbles some strange words.
The two-headed ogre easily resists.
The two-headed ogre hits you with a +0 giant spiked club!!
The two-headed ogre hits you with a +0 giant club!
Your corrosive artefact corrodes you!
You swap places.
Goliath hits the two-headed ogre but does no damage.
The two-headed ogre hits you with a +0 giant spiked club!!
You die...

#.....########
≈≈≈≈≈≈#.#.###
#≈≈≈≈##.#.#
####
#.#.#########
#...........#
###.........#
#.........#
#.........#
#...@####.#
#..OR# #
........#
..⌠.....#
...!....#
.###+####


You could see the friendly Goliath the hexer and a two-headed ogre (ally
target).

Vanquished Creatures
  2 water moccasins
  An ice beast (D:6)
  A necrophage (D:6)
  2 centaurs (D:7)
  A kobold brigand (D:7)
  A bullfrog (D:6)
  Blork the orc (D:6)
  A scorpion (D:5)
  A water moccasin skeleton (D:5)
  A bullfrog zombie (D:5)
  3 jellies
  A hound (D:5)
  A bullfrog skeleton (D:6)
  5 iguanas
  3 orc wizards
  6 adders
  A shadow imp (D:5)
  2 white imps (D:7)
  An ufetubus (D:4)
  6 dart slugs
  12 orcs
  3 ball pythons
  5 endoplasms
  2 giant cockroaches
  6 goblins
  2 hobgoblins
  5 kobolds
  4 quokkas
  7 bats
  3 frilled lizards
  6 rats
96 creatures vanquished.

Vanquished Creatures (collateral kills)
  An ice beast (D:6)
  A scorpion (D:4)
  A water moccasin skeleton (D:6)
  3 hounds
  An orc priest (D:4)
  2 iguanas
  2 gnolls
  A dart slug (D:4)
  An orc (D:4)
  2 hobgoblins (D:4)
  2 jackals (D:4)
  3 quokkas (D:4)
  2 bats
  A kobold (D:3)
  2 rats (D:1)
25 creatures vanquished.

Vanquished Creatures (others)
  A hexer (D:4)
  An ancestor (D:1)
  A fungus (D:1)
  46 plants (D:4)
49 creatures vanquished.

Grand Total: 170 creatures vanquished

Notes
Turn   | Place    | Note
-------+----------+-------------------------------------------
     0 | D:1      | Spaninq the Gargoyle Transmuter began the quest for the
                  | Orb.
     0 | D:1      | Reached XP level 1. HP: 12/12 MP: 3/3
   167 | D:1      | Found a faded altar of an unknown god.
   178 | D:1      | Became a worshipper of Hepliaklqana the Forgotten
   178 | D:1      | Reached * piety under Hepliaklqana
   243 | D:1      | Reached XP level 2. HP: 2/14 MP: 3/5
   616 | D:1      | Learned a level 2 spell: Wereblood
  1350 | D:2      | Reached XP level 3. HP: 18/18 MP: 4/6
  1465 | D:2      | Found Ybok's Jewellery Boutique.
  1656 | D:2      | Reached ** piety under Hepliaklqana
  1657 | D:2      | Remembered your ancestor Goliath as a hexer
  2255 | D:2      | Reached XP level 4. HP: 23/23 MP: 5/7
  3234 | D:4      | Reached XP level 5. HP: 26/27 MP: 4/8
  3789 | D:4      | Reached XP level 6. HP: 18/32 MP: 7/10
  4160 | D:4      | Reached *** piety under Hepliaklqana
  4307 | D:4      | Found Aprapp's Jewellery Shop.
  4593 | D:5      | Entered Level 5 of the Dungeon
  4601 | D:5      | Reached skill level 5 in Unarmed Combat
  4764 | D:5      | Reached XP level 7. HP: 35/36 MP: 9/11
  4834 | D:5      | Identified the +1 helmet of Muttered Phrases {*Corrode
                  | rPois rF- Slay+6}
  5846 | D:5      | Found Buptics's Antique Weapon Shop.
  5854 | D:5      | Bought a warped morningstar for 261 gold pieces
  5854 | D:5      | Identified the +11 morningstar of the Orange Skies {vamp,
                  | rElec Int+2} (You bought it in a shop on level 5 of the
                  | Dungeon)
  5917 | D:6      | Reached skill level 1 in Maces & Flails
  6000 | D:6      | Reached skill level 1 in Armour
  6000 | D:6      | Reached XP level 8. HP: 43/43 MP: 13/13
  6082 | D:6      | Reached **** piety under Hepliaklqana
  6082 | D:6      | Noticed Blork the orc
  6086 | D:6      | Killed Blork the orc
  6327 | D:6      | Reached skill level 5 in Fighting
  6705 | D:7      | Found a large runed translucent door.
  6706 | D:7      | Found a large runed translucent door.
  6707 | D:7      | Noticed a seven-headed hydra
  6778 | D:7      | Found a large runed translucent door.
  6778 | D:7      | Found a large runed translucent door.
  6789 | D:7      | Reached skill level 5 in Maces & Flails
  6789 | D:7      | Reached XP level 9. HP: 48/48 MP: 14/14
  6794 | D:7      | Identified the +7 war axe of the Twelve Ghosts {vorpal,
                  | Int+7}
  7134 | D:7      | Noticed a two-headed ogre
  7142 | D:7      | Mangled by a two-headed ogre

Illustrated notes

Levels and vault maps discovered:
D:1:      evilmike_arrival_home_sweet_home, layout_rooms,
          dreamdust_ecumenical_altar_hidden_monk_grotto, minmay_cupped
D:2:      layout_loops_cross, serial_shops, shop, kennysheep_another_room,
          minivault_5
D:3:      layout_rooms, serial_corexii_hall, corexii_hall_statues_deadend,
          chequers_hall_statues_corner_a, chequers_hall_statues_y,
          chequers_hall_statues_corner_a
D:4:      wad_woods_tower, layout_loops_ring, minmay_shop_enchanted_jewellery
D:5:      layout_basic, serial_shops, shop
D:6:      layout_cave_pools, minmay_misc_feat_alley,
          hangedman_decor_diamond_cutter, uniq_blork_the_orc
D:7:      lemuel_ice_spiral_2, layout_basic, minmay_temple_entry_junction,
          serial_aquarium, aquarium_bridge_square [aquarium_subvault_bridge,
          aquarium_subvault_bridge, aquarium_subvault_wall,
          aquarium_subvault_wall], aquarium_window_2, aquarium_window_corner,
          aquarium_view_2f, aquarium_balcony_5b, hangedman_decor_points,
          minmay_hollow_rounded_squares

Skill      XL: |  1  2  3  4  5  6  7  8  9 |
---------------+----------------------------+-----
Transmutations | 2 3 |  3.2
Fighting       | 2 3 4 5 |  5.7
Unarmed Combat | 4 5 |  5.6
Dodging        | 2 |  2.9
Spellcasting   | 3 |  3.4
Maces & Flails | 2 5 |  5.5
Armour         | 1 3 4 |  4.1

Action                   |  1- 3 |  4- 6 |  7- 9 || total
-------------------------+-------+-------+-------++-------
Melee: Unarmed           |    77 |   128 |    45 ||   250
       Kick              |    14 |    26 |       ||    40
       Headbutt          |     6 |    14 |     1 ||    21
       Punch             |     1 |     1 |     1 ||     3
       Morningstar       |       |       |    50 ||    50
 Cast: Beastly Appendage |    21 |    36 |     1 ||    58
       Wereblood         |     6 |     3 |       ||     9
Invok: Ancestor Identity |     1 |       |       ||     1
       Ancestor Life: He |     1 |       |       ||     1
 Stab: Confused          |     1 |     2 |     1 ||     4
       Distracted        |       |       |     2 ||     2
Armor: Robe              |    32 |    40 |    13 ||    85
       Leather armour    |       |       |    25 ||    25
Dodge: Dodged            |    44 |    77 |    37 ||   158
